RedWings vs Rangers

Created - October-22-12 at 19:30

Goals
1 2 3 OT1 SO T
RedWings 1 1 0 0 0 2
Rangers 2 0 0 0 1 3
Shots
1 2 3 OT1 SO T
RedWings 4 5 13 2 5 24
Rangers 13 12 6 0 5 31

1st period

1. RedWings , Daymond Langkow 2 (Mark Fraser, Ryan Whitney) at 8:21
2. Rangers , Ilya Kovalchuk 6 (Radim Vrbata, Vinny Prospal) at 16:19 (PP)
3. Rangers , David Perron 1 (Sheldon Souray) at 19:36

Penalties :
Pavel Kubina (DET) for Hooking (Minor) at 11:17, Pavel Kubina (DET) for Roughing (Minor) at 13:47, Curtis Glencross (DET) for Roughing (Minor) at 16:09

2nd period

4. RedWings , Curtis Glencross 3 (Mark Fraser, Travis Zajac) at 4:40

Penalties :
Chris Kunitz (NYR) for Holding (Minor) at 2:03, Stephane Robidas (NYR) for High sticking (Minor) at 8:19, Alexandre Burrows (DET) for Slashing (Minor) at 12:10, Keith Yandle (DET) for Delaying the game (Minor) at 19:33

3rd period

No Goal

Penalties :
David Legwand (NYR) for Holding (Minor) at 8:06, Mike Weaver (NYR) for Tripping (Minor) at 13:09

Overtime #1

No Goal

Penalties :
No Penalty

Shootout

Penalty Shot by Curtis Glencross for RedWings - Stopped by Tomas Vokoun
Penalty Shot by Radim Vrbata for Rangers - Stopped by Roberto Luongo
Penalty Shot by Alexandre Burrows for RedWings - Shot Misses the Net
Penalty Shot by David Perron for Rangers - Stopped by Roberto Luongo
Penalty Shot by Ray Whitney for RedWings - Shot Misses the Net
Penalty Shot by Ilya Kovalchuk for Rangers - Shot Misses the Net
Penalty Shot by Joe Thornton for RedWings - Stopped by Tomas Vokoun
Penalty Shot by Chris Kunitz for Rangers - Stopped by Roberto Luongo
Penalty Shot by Sergei Kostitsyn for RedWings - Shot Misses the Net
Penalty Shot by Tyler Ennis for Rangers - Goal!

Penalties :
No Penalty

Goalie Stats

Roberto Luongo (DET), 29 saves from 31 shots - (0.935), OTL, 3-2-1, 65:00 minutes
Tomas Vokoun (NYR), 22 saves from 24 shots - (0.917), W, 6-1-0, 65:00 minutes

Players Stats for RedWings

Player Name              G  A  P  +/- PIM S  H  SB GA TA FO     MP     PP MP  PK MP  
------------------------------------------------------------------------------------
Alexandre Burrows        0  0  0   0  2   2  5  0  0  0  2/3    26:14   4:16   3:26 
Brian Campbell           0  0  0   0  0   1  0  0  0  0  0/0    21:10   4:01   0:00 
Curtis Glencross         1  0  1   1  2   3  5  0  0  0  1/3    23:39   2:59   1:19 
Daymond Langkow          1  0  1   0  0   1  3  0  0  0  8/14   14:40   3:40   0:28 
Eric Brewer              0  0  0   0  0   0  5  1  0  0  0/0    21:26   0:00   4:17 
Jamie Langenbrunner      0  0  0   0  0   0  1  0  0  0  1/2    11:44   0:41   0:00 
Jared Spurgeon           0  0  0   0  0   0  0  1  0  0  0/0     9:32   0:00   1:26 
Joe Thornton             0  0  0   0  0   3  0  0  0  0  20/34  26:06   4:16   2:11 
Keith Yandle             0  0  0   0  2   4  1  0  0  0  0/0    25:59   4:03   2:39 
Mark Fraser              0  2  2   1  0   0  1  0  0  0  0/0     8:14   0:00   3:49 
Nate Thompson            0  0  0   0  0   1  1  1  0  0  5/10    7:38   0:41   5:27 
Paul Martin              0  0  0   0  0   1  1  0  0  0  0/0    27:12   3:53   4:01 
Pavel Kubina             0  0  0   0  4   2  1  0  0  0  0/0     8:06   0:02   0:00 
Ray Whitney              0  0  0   0  0   0  0  0  0  0  0/2    23:35   4:16   2:11 
Ryan Whitney             0  1  1   1  0   2  0  0  0  0  0/0     8:18   3:53   0:00 
Sergei Kostitsyn         0  0  0   1  0   3  0  0  0  0  0/0    20:16   2:59   0:00 
Stephen Gionta           0  0  0   0  0   1  0  0  0  0  0/0    10:43   0:00   1:10 
Travis Zajac             0  1  1   1  0   0  0  0  0  0  10/21  17:17   0:00   0:00 

Players Stats for Rangers

Player Name              G  A  P  +/- PIM S  H  SB GA TA FO     MP     PP MP  PK MP  
------------------------------------------------------------------------------------
Bryan Allen              0  0  0   0  0   0  2  1  0  0  0/0    18:45   0:00   4:15 
Carl Hagelin             0  0  0  -1  0   1  0  0  0  0  0/0     8:53   0:00   0:00 
Chris Kunitz             0  0  0  -1  2   1  0  0  0  0  0/0    11:13   0:00   0:00 
David Legwand            0  0  0   1  2   2  1  0  0  0  10/19  17:16   4:09   0:00 
David Perron             1  0  1   1  0   3  1  0  0  0  1/4    19:08   4:09   0:00 
Francois Beauchemin      0  0  0  -2  0   1  0  0  0  0  0/0    27:00   4:35   3:41 
Frans Nielsen            0  0  0  -1  0   3  0  0  0  0  5/14   11:06   0:00   2:13 
Ilya Kovalchuk           1  0  1  -1  0   3  0  0  0  0  2/4    23:35   3:57   0:00 
Jim Slater               0  0  0   0  0   0  0  0  0  0  6/15    9:35   0:00   5:25 
Marc Staal               0  0  0   0  0   0  0  0  0  0  0/0    14:37   0:00   0:21 
Mike Weaver              0  0  0   1  2   2  1  0  0  0  0/0    22:00   3:31   2:46 
Radim Vrbata             0  1  1  -1  0   4  1  0  0  0  0/1    23:15   3:57   0:43 
Ryan Jones               0  0  0   0  0   1  0  0  0  0  0/0     9:28   0:00   5:18 
Sheldon Souray           0  1  1   1  0   1  1  0  0  0  0/0    21:10   3:31   1:41 
Stephane Robidas         0  0  0  -2  2   1  3  2  0  0  0/0    26:26   4:35   3:08 
Tyler Ennis              0  0  0  -1  0   2  1  0  0  0  12/25  23:27   3:19   0:00 
Vinny Prospal            0  1  1   1  0   6  2  0  0  0  6/7    18:43   4:47   0:00 
Zack Smith               0  0  0   0  0   0  1  0  0  0  0/0     6:23   0:00   2:13 

3 Stars

1 - Curtis Glencross (DET)
2 - David Perron (NYR)
3 - Mark Fraser (DET)

Power Play

RedWings - 0 on 4 Attempt(s) - 0.00%
Rangers - 1 on 5 Attempt(s) - 20.00%

Penalty Kill

RedWings - 4 on 5 Attempt(s) - 80.00% - Score 0 goal in Penalty Kill
Rangers - 4 on 4 Attempt(s) - 100.00% - Score 0 goal in Penalty Kill

Official

Referees : Wes McCauley and Don VanMassenhoven
Linesman : Mark Shewchyk and Steve Miller

Game Notes

No Game Note

Finance

Level 1 -- Attendance: 5028 (77.35%) -- Ticket Income $628,500
Level 2 -- Attendance: 4504 (90.08%) -- Ticket Income $337,800
Level 3 -- Attendance: 3453 (98.66%) -- Ticket Income $172,650
Level 4 -- Attendance: 2200 (100.00%) -- Ticket Income $55,000
Luxury Box -- Attendance: 1000 (100.00%) -- Ticket Income $250,000
Game was played at the Madison Square Garden
Total Attendance: 16185 (88.93%)
Total Ticket Income: $1,443,950
Other Income: $216,592
Total Income: $1,660,542


% Time on Ice - RedWings

Lines # - Real PCT - Wanted PCT - Time Play
Normal Forward
1 - 39% - 40% - 17:17
2 - 35% - 35% - 15:34
3 - 22% - 15% - 9:33
4 - 4% - 10% - 1:34
Normal Defense
1 - 37% - 40% - 16:21
2 - 34% - 35% - 15:06
3 - 18% - 15% - 8:06
4 - 10% - 10% - 4:25
PP Forward
1 - 54% - 60% - 4:16
2 - 46% - 40% - 3:40
PP Defense
1 - 51% - 60% - 4:01
2 - 49% - 40% - 3:55
PK Forward
1 - 73% - 60% - 5:55
2 - 27% - 40% - 2:11
PK Defense
1 - 53% - 60% - 4:17
2 - 47% - 40% - 3:49
PK3 Forward
1 - 0% - 60%
2 - 0% - 40%
PK3 Defense
1 - 0% - 60%
2 - 0% - 40%
44 Forward
1 - 72% - 60% - 3:35
2 - 28% - 40% - 1:25
44 Defense
1 - 41% - 60% - 2:03
2 - 59% - 40% - 2:57
Last Minute Offensive  - 0:00
Last Minute Defensive  - 0:00
Total
Forward - 65:00
Defense - 65:00

% Time on Ice - Rangers

Lines # - Real PCT - Wanted PCT - Time Play
Normal Forward
1 - 40% - 40% - 17:47
2 - 30% - 30% - 13:08
3 - 20% - 20% - 8:53
4 - 9% - 10% - 4:10
Normal Defense
1 - 39% - 40% - 17:08
2 - 31% - 30% - 13:45
3 - 28% - 25% - 12:17
4 - 2% - 5% - 0:48
PP Forward
1 - 49% - 60% - 3:57
2 - 51% - 40% - 4:09
PP Defense
1 - 57% - 60% - 4:35
2 - 43% - 40% - 3:31
PK Forward
1 - 72% - 60% - 5:43
2 - 28% - 40% - 2:13
PK Defense
1 - 46% - 60% - 3:41
2 - 54% - 40% - 4:15
PK3 Forward
1 - 0% - 60%
2 - 0% - 40%
PK3 Defense
1 - 0% - 60%
2 - 0% - 40%
44 Forward
1 - 100% - 60% - 5:00
2 - 0% - 40% - 0:00
44 Defense
1 - 60% - 60% - 3:01
2 - 40% - 40% - 1:59
Last Minute Offensive  - 0:00
Last Minute Defensive  - 0:00
Total
Forward - 65:00
Defense - 65:00

Play by Play

1st period


0:01 of 1st period - Tyler Ennis wins face-off versus Travis Zajac in neutral zone.
0:32 of 1st period - Shot by Curtis Glencross.
0:32 of 1st period - Stopped by Tomas Vokoun without a rebound.
0:33 of 1st period - David Legwand wins face-off versus Joe Thornton in Rangers zone.
0:50 of 1st period - Shot by Vinny Prospal.
0:50 of 1st period - Stopped by Roberto Luongo with a rebound.
0:52 of 1st period - Shot by Mike Weaver.
0:52 of 1st period - Stopped by Roberto Luongo without a rebound.
0:53 of 1st period - Daymond Langkow wins face-off versus Frans Nielsen in RedWings zone.
1:04 of 1st period - Shot by Frans Nielsen.
1:04 of 1st period - Stopped by Roberto Luongo with a rebound.
1:06 of 1st period - Shot by Bryan Allen.
1:06 of 1st period - Shot Misses the Net.
1:08 of 1st period - Shot by Chris Kunitz.
1:08 of 1st period - Stopped by Roberto Luongo without a rebound.
1:09 of 1st period - Jim Slater wins face-off versus Joe Thornton in RedWings zone.
1:09 of 1st period - Jim Slater is hit by Mark Fraser.
1:18 of 1st period - Icing by Joe Thornton.
1:19 of 1st period - Joe Thornton wins face-off versus David Legwand in RedWings zone.
2:50 of 1st period - Icing by Brian Campbell.
2:51 of 1st period - Travis Zajac wins face-off versus Frans Nielsen in RedWings zone.
3:17 of 1st period - Off-side.
3:18 of 1st period - Alexandre Burrows wins face-off versus Jim Slater in neutral zone.
4:08 of 1st period - Stephane Robidas is hit by Alexandre Burrows and loses puck.
4:58 of 1st period - Shot by Ilya Kovalchuk.
4:58 of 1st period - Shot Hit the Post.
5:00 of 1st period - Shot by Tyler Ennis.
5:00 of 1st period - Stopped by Roberto Luongo without a rebound.
5:01 of 1st period - Frans Nielsen wins face-off versus Travis Zajac in RedWings zone.
5:24 of 1st period - Off-side.
5:25 of 1st period - Joe Thornton wins face-off versus David Legwand in neutral zone.
5:33 of 1st period - Off-side.
5:34 of 1st period - Joe Thornton wins face-off versus Radim Vrbata in neutral zone.
5:43 of 1st period - Shot by Ray Whitney.
5:43 of 1st period - Shot Blocked by Stephane Robidas.
6:11 of 1st period - Icing by Keith Yandle.
6:12 of 1st period - David Legwand wins face-off versus Ray Whitney in RedWings zone.
6:47 of 1st period - Shot by David Legwand.
6:47 of 1st period - Shot Misses the Net.
7:29 of 1st period - Shot by Tyler Ennis.
7:29 of 1st period - Stopped by Roberto Luongo without a rebound.
7:30 of 1st period - Daymond Langkow wins face-off versus Frans Nielsen in RedWings zone.
7:53 of 1st period - Shot by Frans Nielsen.
7:53 of 1st period - Stopped by Roberto Luongo without a rebound.
7:54 of 1st period - Curtis Glencross wins face-off versus Tyler Ennis in RedWings zone.
8:06 of 1st period - Icing by Stephane Robidas.
8:07 of 1st period - Tyler Ennis wins face-off versus Daymond Langkow in Rangers zone.
8:07 of 1st period - Tyler Ennis is hit by Jamie Langenbrunner.
8:21 of 1st period - Shot by Daymond Langkow.
8:21 of 1st period - Goal by Daymond Langkow - RedWings : 1 - Rangers : 0.
8:22 of 1st period - Travis Zajac wins face-off versus Frans Nielsen in neutral zone.
8:52 of 1st period - Shot by Chris Kunitz.
8:52 of 1st period - Shot Misses the Net.
8:54 of 1st period - Shot by Bryan Allen.
8:54 of 1st period - Shot Misses the Net.
9:51 of 1st period - Icing by Paul Martin.
9:52 of 1st period - David Legwand wins face-off versus Joe Thornton in RedWings zone.
9:55 of 1st period - Shot by Vinny Prospal.
9:55 of 1st period - Shot Misses the Net.
10:21 of 1st period - David Legwand is hit by Alexandre Burrows and loses puck.
11:17 of 1st period - Shot by Ryan Jones.
11:17 of 1st period - Stopped by Roberto Luongo without a rebound.
11:17 of 1st period - Minor Penalty to Pavel Kubina for Hooking.
11:18 of 1st period - Vinny Prospal wins face-off versus Curtis Glencross in RedWings zone.
11:21 of 1st period - Shot by Francois Beauchemin.
11:21 of 1st period - Shot Blocked by Nate Thompson.
11:27 of 1st period - Shot by Radim Vrbata.
11:27 of 1st period - Stopped by Roberto Luongo without a rebound.
11:28 of 1st period - Nate Thompson wins face-off versus David Legwand in RedWings zone.
11:33 of 1st period - Shot by David Legwand.
11:33 of 1st period - Shot Misses the Net.
11:47 of 1st period - Shot by Nate Thompson.
11:47 of 1st period - Shot Misses the Net.
12:59 of 1st period - Shot by Ilya Kovalchuk.
12:59 of 1st period - Stopped by Roberto Luongo without a rebound.
13:00 of 1st period - Joe Thornton wins face-off versus David Legwand in RedWings zone.
13:00 of 1st period - Joe Thornton is hit by David Perron.
13:40 of 1st period - Shot by Carl Hagelin.
13:40 of 1st period - Shot Misses the Net.
13:42 of 1st period - Shot by Chris Kunitz.
13:42 of 1st period - Shot Misses the Net.
13:47 of 1st period - Minor Penalty to Pavel Kubina for Roughing.
13:48 of 1st period - Nate Thompson wins face-off versus Vinny Prospal in RedWings zone.
13:48 of 1st period - Nate Thompson is hit by Stephane Robidas.
14:06 of 1st period - Icing by Francois Beauchemin.
14:07 of 1st period - Ilya Kovalchuk wins face-off versus Nate Thompson in Rangers zone.
16:08 of 1st period - Bryan Allen is hit by Curtis Glencross and loses puck.
16:09 of 1st period - Minor Penalty to Curtis Glencross for Roughing.
16:10 of 1st period - Vinny Prospal wins face-off versus Nate Thompson in RedWings zone.
16:17 of 1st period - Shot by Radim Vrbata.
16:17 of 1st period - Shot Blocked by Eric Brewer.
16:19 of 1st period - Shot by Ilya Kovalchuk.
16:19 of 1st period - Goal by Ilya Kovalchuk - RedWings : 1 - Rangers : 1.
16:20 of 1st period - Frans Nielsen wins face-off versus Travis Zajac in neutral zone.
16:52 of 1st period - Shot by Marc Staal.
16:52 of 1st period - Shot Misses the Net.
16:56 of 1st period - Shot by Chris Kunitz.
16:56 of 1st period - Shot Misses the Net.
16:58 of 1st period - Shot by Chris Kunitz.
16:58 of 1st period - Shot Misses the Net.
17:09 of 1st period - Icing by Travis Zajac.
17:10 of 1st period - Travis Zajac wins face-off versus Tyler Ennis in RedWings zone.
17:26 of 1st period - Icing by Stephane Robidas.
17:27 of 1st period - Joe Thornton wins face-off versus Tyler Ennis in Rangers zone.
17:32 of 1st period - Shot by Alexandre Burrows.
17:32 of 1st period - Stopped by Tomas Vokoun with a rebound.
17:34 of 1st period - Shot by Joe Thornton.
17:34 of 1st period - Shot Misses the Net.
17:36 of 1st period - Shot by Keith Yandle.
17:36 of 1st period - Stopped by Tomas Vokoun without a rebound.
17:37 of 1st period - Vinny Prospal wins face-off versus Joe Thornton in Rangers zone.
17:57 of 1st period - Icing by Ray Whitney.
17:58 of 1st period - Tyler Ennis wins face-off versus Alexandre Burrows in RedWings zone.
18:03 of 1st period - Icing by Alexandre Burrows.
18:04 of 1st period - Tyler Ennis wins face-off versus Joe Thornton in RedWings zone.
18:35 of 1st period - Shot by Joe Thornton.
18:35 of 1st period - Deflect By Ray Whitney.
18:35 of 1st period - Shot Misses the Net.
18:47 of 1st period - Icing by Ilya Kovalchuk.
18:48 of 1st period - Tyler Ennis wins face-off versus Curtis Glencross in Rangers zone.
18:57 of 1st period - Francois Beauchemin is hit by Curtis Glencross and loses puck.
19:26 of 1st period - Shot by Vinny Prospal.
19:26 of 1st period - Stopped by Roberto Luongo without a rebound.
19:27 of 1st period - Daymond Langkow wins face-off versus David Perron in RedWings zone.
19:27 of 1st period - Daymond Langkow is hit by David Legwand.
19:36 of 1st period - Shot by David Perron.
19:36 of 1st period - Goal by David Perron - RedWings : 1 - Rangers : 2.
19:37 of 1st period - Joe Thornton wins face-off versus David Legwand in neutral zone.

2nd period


0:01 of 2nd period - Travis Zajac wins face-off versus Tyler Ennis in neutral zone.
0:16 of 2nd period - Brian Campbell is hit by Tyler Ennis and loses puck.
1:13 of 2nd period - Curtis Glencross is hit by Vinny Prospal and loses puck.
1:32 of 2nd period - David Legwand is hit by Eric Brewer and loses puck.
2:03 of 2nd period - Minor Penalty to Chris Kunitz for Holding.
2:04 of 2nd period - Jim Slater wins face-off versus Joe Thornton in Rangers zone.
2:22 of 2nd period - Icing by Ray Whitney.
2:23 of 2nd period - Joe Thornton wins face-off versus Jim Slater in RedWings zone.
4:18 of 2nd period - Shot by Vinny Prospal.
4:18 of 2nd period - Shot Misses the Net.
4:20 of 2nd period - Shot by Mike Weaver.
4:20 of 2nd period - Shot Blocked by Jared Spurgeon.
4:26 of 2nd period - Shot by David Legwand.
4:26 of 2nd period - Stopped by Roberto Luongo with a rebound.
4:28 of 2nd period - Shot by Vinny Prospal.
4:28 of 2nd period - Stopped by Roberto Luongo without a rebound.
4:29 of 2nd period - Travis Zajac wins face-off versus Frans Nielsen in RedWings zone.
4:40 of 2nd period - Shot by Curtis Glencross.
4:40 of 2nd period - Goal by Curtis Glencross - RedWings : 2 - Rangers : 2.
4:41 of 2nd period - Tyler Ennis wins face-off versus Travis Zajac in neutral zone.
5:01 of 2nd period - Shot by Sergei Kostitsyn.
5:01 of 2nd period - Stopped by Tomas Vokoun without a rebound.
5:02 of 2nd period - David Legwand wins face-off versus Joe Thornton in Rangers zone.
5:11 of 2nd period - Shot by David Perron.
5:11 of 2nd period - Deflect By David Legwand.
5:11 of 2nd period - Stopped by Roberto Luongo without a rebound.
5:12 of 2nd period - Daymond Langkow wins face-off versus Tyler Ennis in RedWings zone.
5:12 of 2nd period - Daymond Langkow is hit by Radim Vrbata.
5:17 of 2nd period - Keith Yandle is hit by Mike Weaver and loses puck.
5:23 of 2nd period - Off-side.
5:24 of 2nd period - David Legwand wins face-off versus Joe Thornton in neutral zone.
5:42 of 2nd period - Shot by Francois Beauchemin.
5:42 of 2nd period - Stopped by Roberto Luongo with a rebound.
5:54 of 2nd period - Shot by David Legwand.
5:54 of 2nd period - Shot Misses the Net.
6:06 of 2nd period - Shot by David Legwand.
6:06 of 2nd period - Shot Misses the Net.
6:08 of 2nd period - Shot by David Perron.
6:08 of 2nd period - Shot Misses the Net.
7:01 of 2nd period - Ilya Kovalchuk is hit by Eric Brewer and loses puck.
7:47 of 2nd period - Shot by Frans Nielsen.
7:47 of 2nd period - Shot Misses the Net.
7:49 of 2nd period - Shot by Frans Nielsen.
7:49 of 2nd period - Stopped by Roberto Luongo without a rebound.
7:50 of 2nd period - Daymond Langkow wins face-off versus David Legwand in RedWings zone.
7:50 of 2nd period - Jamie Langenbrunner is hit by Vinny Prospal and loses puck.
8:06 of 2nd period - Icing by Francois Beauchemin.
8:07 of 2nd period - Travis Zajac wins face-off versus David Perron in Rangers zone.
8:12 of 2nd period - Shot by Curtis Glencross.
8:12 of 2nd period - Shot Misses the Net.
8:19 of 2nd period - Minor Penalty to Stephane Robidas for High sticking.
8:20 of 2nd period - Jim Slater wins face-off versus Daymond Langkow in Rangers zone.
9:33 of 2nd period - Shot by Joe Thornton.
9:33 of 2nd period - Stopped by Tomas Vokoun without a rebound.
9:34 of 2nd period - Jim Slater wins face-off versus Daymond Langkow in Rangers zone.
9:56 of 2nd period - Shot by Paul Martin.
9:56 of 2nd period - Stopped by Tomas Vokoun without a rebound.
9:57 of 2nd period - Joe Thornton wins face-off versus Jim Slater in Rangers zone.
10:02 of 2nd period - Shot by Alexandre Burrows.
10:02 of 2nd period - Shot Misses the Net.
10:28 of 2nd period - Shot by Stephen Gionta.
10:28 of 2nd period - Shot Hit the Post.
10:37 of 2nd period - Icing by Stephane Robidas.
10:38 of 2nd period - Tyler Ennis wins face-off versus Travis Zajac in Rangers zone.
11:50 of 2nd period - Shot by Stephen Gionta.
11:50 of 2nd period - Stopped by Tomas Vokoun without a rebound.
11:51 of 2nd period - Vinny Prospal wins face-off versus Joe Thornton in Rangers zone.
11:51 of 2nd period - Vinny Prospal is hit by Alexandre Burrows.
12:10 of 2nd period - Minor Penalty to Alexandre Burrows for Slashing.
12:11 of 2nd period - Nate Thompson wins face-off versus David Legwand in RedWings zone.
12:28 of 2nd period - Shot by Sheldon Souray.
12:28 of 2nd period - Deflect By David Perron.
12:28 of 2nd period - Shot Misses the Net.
12:30 of 2nd period - Shot by Mike Weaver.
12:30 of 2nd period - Stopped by Roberto Luongo with a rebound.
12:32 of 2nd period - Shot by Vinny Prospal.
12:32 of 2nd period - Stopped by Roberto Luongo with a rebound.
12:34 of 2nd period - Shot by Sheldon Souray.
12:34 of 2nd period - Stopped by Roberto Luongo without a rebound.
12:35 of 2nd period - Vinny Prospal wins face-off versus Nate Thompson in RedWings zone.
14:03 of 2nd period - Shot by Radim Vrbata.
14:03 of 2nd period - Deflect By Vinny Prospal.
14:03 of 2nd period - Stopped by Roberto Luongo without a rebound.
14:04 of 2nd period - David Perron wins face-off versus Joe Thornton in RedWings zone.
14:09 of 2nd period - Shot by Stephane Robidas.
14:09 of 2nd period - Stopped by Roberto Luongo without a rebound.
14:10 of 2nd period - Joe Thornton wins face-off versus Frans Nielsen in RedWings zone.
14:18 of 2nd period - Joe Thornton is hit by Bryan Allen.
15:59 of 2nd period - Icing by Francois Beauchemin.
16:00 of 2nd period - Jim Slater wins face-off versus Travis Zajac in Rangers zone.
16:00 of 2nd period - Jim Slater is hit by Curtis Glencross.
16:06 of 2nd period - Stephane Robidas is hit by Curtis Glencross and loses puck.
17:04 of 2nd period - Icing by Mike Weaver.
17:05 of 2nd period - Tyler Ennis wins face-off versus Jamie Langenbrunner in Rangers zone.
17:47 of 2nd period - Shot by Ilya Kovalchuk.
17:47 of 2nd period - Stopped by Roberto Luongo without a rebound.
17:48 of 2nd period - David Legwand wins face-off versus Joe Thornton in RedWings zone.
17:48 of 2nd period - David Legwand is hit by Eric Brewer.
17:56 of 2nd period - Shot by David Perron.
17:56 of 2nd period - Shot Misses the Net.
18:37 of 2nd period - Off-side.
18:38 of 2nd period - Travis Zajac wins face-off versus Tyler Ennis in neutral zone.
18:49 of 2nd period - Shot by Sergei Kostitsyn.
18:49 of 2nd period - Shot Misses the Net.
19:02 of 2nd period - Tyler Ennis is hit by Paul Martin and loses puck.
19:33 of 2nd period - Minor Penalty to Keith Yandle for Delaying the game.
19:34 of 2nd period - Nate Thompson wins face-off versus David Legwand in RedWings zone.
19:53 of 2nd period - Shot by David Perron.
19:53 of 2nd period - Stopped by Roberto Luongo without a rebound.
19:54 of 2nd period - Ilya Kovalchuk wins face-off versus Nate Thompson in RedWings zone.
19:54 of 2nd period - Stephane Robidas is hit by Eric Brewer and loses puck.

3rd period


0:01 of 3rd period - Nate Thompson wins face-off versus Ilya Kovalchuk in neutral zone.
0:06 of 3rd period - Shot by Alexandre Burrows.
0:06 of 3rd period - Stopped by Tomas Vokoun without a rebound.
0:07 of 3rd period - Vinny Prospal wins face-off versus Nate Thompson in Rangers zone.
0:07 of 3rd period - Vinny Prospal is hit by Nate Thompson.
0:45 of 3rd period - Shot by Radim Vrbata.
0:45 of 3rd period - Stopped by Roberto Luongo without a rebound.
0:46 of 3rd period - David Legwand wins face-off versus Joe Thornton in RedWings zone.
0:59 of 3rd period - Shot by Tyler Ennis.
0:59 of 3rd period - Shot Misses the Net.
1:32 of 3rd period - Icing by Tyler Ennis.
1:33 of 3rd period - Frans Nielsen wins face-off versus Travis Zajac in Rangers zone.
2:05 of 3rd period - Keith Yandle is hit by Bryan Allen and loses puck.
2:44 of 3rd period - Marc Staal is hit by Eric Brewer and loses puck.
3:37 of 3rd period - Shot by Ryan Whitney.
3:37 of 3rd period - Stopped by Tomas Vokoun without a rebound.
3:38 of 3rd period - Travis Zajac wins face-off versus Tyler Ennis in Rangers zone.
4:17 of 3rd period - Curtis Glencross is hit by Sheldon Souray and loses puck.
5:40 of 3rd period - Shot by Vinny Prospal.
5:40 of 3rd period - Stopped by Roberto Luongo without a rebound.
5:41 of 3rd period - Travis Zajac wins face-off versus Frans Nielsen in RedWings zone.
6:28 of 3rd period - Icing by Frans Nielsen.
6:29 of 3rd period - Frans Nielsen wins face-off versus Joe Thornton in Rangers zone.
6:43 of 3rd period - Icing by Keith Yandle.
6:44 of 3rd period - Joe Thornton wins face-off versus David Perron in RedWings zone.
6:48 of 3rd period - Off-side.
6:49 of 3rd period - Daymond Langkow wins face-off versus Tyler Ennis in neutral zone.
6:53 of 3rd period - Jamie Langenbrunner is hit by Stephane Robidas and loses puck.
7:02 of 3rd period - Shot by Radim Vrbata.
7:02 of 3rd period - Stopped by Roberto Luongo without a rebound.
7:03 of 3rd period - David Legwand wins face-off versus Travis Zajac in RedWings zone.
7:06 of 3rd period - Shot by David Perron.
7:06 of 3rd period - Stopped by Roberto Luongo without a rebound.
7:07 of 3rd period - Tyler Ennis wins face-off versus Travis Zajac in RedWings zone.
7:07 of 3rd period - Tyler Ennis is hit by Keith Yandle.
7:15 of 3rd period - Shot by Ilya Kovalchuk.
7:15 of 3rd period - Deflect By Radim Vrbata.
7:15 of 3rd period - Stopped by Roberto Luongo without a rebound.
7:16 of 3rd period - Joe Thornton wins face-off versus Tyler Ennis in RedWings zone.
8:06 of 3rd period - Minor Penalty to David Legwand for Holding.
8:07 of 3rd period - Daymond Langkow wins face-off versus Jim Slater in Rangers zone.
8:26 of 3rd period - Shot by Keith Yandle.
8:26 of 3rd period - Stopped by Tomas Vokoun without a rebound.
8:27 of 3rd period - Jim Slater wins face-off versus Daymond Langkow in Rangers zone.
8:48 of 3rd period - Shot by Curtis Glencross.
8:48 of 3rd period - Stopped by Tomas Vokoun without a rebound.
8:49 of 3rd period - Joe Thornton wins face-off versus Jim Slater in Rangers zone.
9:16 of 3rd period - Shot by Keith Yandle.
9:16 of 3rd period - Shot Misses the Net.
9:18 of 3rd period - Shot by Keith Yandle.
9:18 of 3rd period - Shot Blocked by Stephane Robidas.
9:20 of 3rd period - Shot by Brian Campbell.
9:20 of 3rd period - Shot Blocked by Bryan Allen.
9:22 of 3rd period - Shot by Keith Yandle.
9:22 of 3rd period - Stopped by Tomas Vokoun without a rebound.
9:23 of 3rd period - Daymond Langkow wins face-off versus Jim Slater in Rangers zone.
9:44 of 3rd period - Shot by Sergei Kostitsyn.
9:44 of 3rd period - Stopped by Tomas Vokoun without a rebound.
9:45 of 3rd period - Joe Thornton wins face-off versus Frans Nielsen in Rangers zone.
9:59 of 3rd period - Shot by Brian Campbell.
9:59 of 3rd period - Stopped by Tomas Vokoun with a rebound.
10:13 of 3rd period - Off-side.
10:14 of 3rd period - Travis Zajac wins face-off versus Ilya Kovalchuk in neutral zone.
10:21 of 3rd period - Shot by Sergei Kostitsyn.
10:21 of 3rd period - Shot Misses the Net.
10:23 of 3rd period - Shot by Sergei Kostitsyn.
10:23 of 3rd period - Stopped by Tomas Vokoun with a rebound.
10:25 of 3rd period - Shot by Pavel Kubina.
10:25 of 3rd period - Stopped by Tomas Vokoun with a rebound.
10:27 of 3rd period - Shot by Pavel Kubina.
10:27 of 3rd period - Stopped by Tomas Vokoun without a rebound.
10:28 of 3rd period - Joe Thornton wins face-off versus David Legwand in Rangers zone.
10:37 of 3rd period - Shot by Ray Whitney.
10:37 of 3rd period - Shot Misses the Net.
10:43 of 3rd period - David Legwand is hit by Alexandre Burrows.
11:28 of 3rd period - Icing by Brian Campbell.
11:29 of 3rd period - Joe Thornton wins face-off versus Frans Nielsen in RedWings zone.
11:44 of 3rd period - Shot by Carl Hagelin.
11:44 of 3rd period - Stopped by Roberto Luongo without a rebound.
11:45 of 3rd period - Tyler Ennis wins face-off versus Travis Zajac in RedWings zone.
12:56 of 3rd period - Shot by Ryan Whitney.
12:56 of 3rd period - Stopped by Tomas Vokoun with a rebound.
13:09 of 3rd period - Minor Penalty to Mike Weaver for Tripping.
13:10 of 3rd period - Joe Thornton wins face-off versus Jim Slater in Rangers zone.
13:21 of 3rd period - Shot by Keith Yandle.
13:21 of 3rd period - Stopped by Tomas Vokoun without a rebound.
13:22 of 3rd period - Joe Thornton wins face-off versus Jim Slater in Rangers zone.
13:33 of 3rd period - Stephane Robidas is hit by Alexandre Burrows and loses puck.
14:16 of 3rd period - Sergei Kostitsyn is hit by Zack Smith and loses puck.
14:44 of 3rd period - Off-side.
14:45 of 3rd period - Joe Thornton wins face-off versus Jim Slater in neutral zone.
15:00 of 3rd period - Shot by Ray Whitney.
15:00 of 3rd period - Deflect By Joe Thornton.
15:00 of 3rd period - Stopped by Tomas Vokoun without a rebound.
15:01 of 3rd period - Frans Nielsen wins face-off versus Daymond Langkow in Rangers zone.
15:01 of 3rd period - Frans Nielsen is hit by Daymond Langkow.
15:34 of 3rd period - David Legwand is hit by Pavel Kubina and loses puck.
16:24 of 3rd period - Shot by Ilya Kovalchuk.
16:24 of 3rd period - Shot Misses the Net.
16:26 of 3rd period - Shot by Radim Vrbata.
16:26 of 3rd period - Shot Misses the Net.
16:41 of 3rd period - Icing by Stephane Robidas.
16:42 of 3rd period - Alexandre Burrows wins face-off versus Tyler Ennis in Rangers zone.
16:52 of 3rd period - Icing by Radim Vrbata.
16:53 of 3rd period - Tyler Ennis wins face-off versus Ray Whitney in Rangers zone.
17:43 of 3rd period - Icing by Sheldon Souray.
17:44 of 3rd period - David Legwand wins face-off versus Travis Zajac in Rangers zone.
17:44 of 3rd period - David Legwand is hit by Curtis Glencross.
18:26 of 3rd period - Icing by Mike Weaver.
18:27 of 3rd period - David Legwand wins face-off versus Daymond Langkow in Rangers zone.
18:27 of 3rd period - David Legwand is hit by Daymond Langkow.
18:50 of 3rd period - Shot by Ilya Kovalchuk.
18:50 of 3rd period - Shot Hit the Post.
19:01 of 3rd period - Ilya Kovalchuk is hit by Daymond Langkow and loses puck.
19:17 of 3rd period - Pavel Kubina is hit by Stephane Robidas and loses puck.

Overtime #1


0:01 of 1st overtime period - Joe Thornton wins face-off versus Tyler Ennis in neutral zone.
1:27 of 1st overtime period - Shot by David Perron.
1:27 of 1st overtime period - Shot Misses the Net.
1:29 of 1st overtime period - Shot by David Perron.
1:29 of 1st overtime period - Shot Misses the Net.
1:31 of 1st overtime period - Shot by Mike Weaver.
1:31 of 1st overtime period - Shot Misses the Net.
1:38 of 1st overtime period - Off-side.
1:39 of 1st overtime period - Tyler Ennis wins face-off versus Joe Thornton in neutral zone.
2:03 of 1st overtime period - Off-side.
2:04 of 1st overtime period - Joe Thornton wins face-off versus Tyler Ennis in neutral zone.
2:11 of 1st overtime period - Shot by Joe Thornton.
2:11 of 1st overtime period - Stopped by Tomas Vokoun with a rebound.
3:01 of 1st overtime period - Shot by Daymond Langkow.
3:01 of 1st overtime period - Deflect By Alexandre Burrows.
3:01 of 1st overtime period - Shot Misses the Net.
3:37 of 1st overtime period - Shot by Nate Thompson.
3:37 of 1st overtime period - Stopped by Tomas Vokoun without a rebound.
3:38 of 1st overtime period - Jamie Langenbrunner wins face-off versus Tyler Ennis in Rangers zone.

ShootOut


5:00 of 1st overtime period - Penalty Shot by Curtis Glencross for RedWings.
5:00 of 1st overtime period - Stopped by Tomas Vokoun.
5:00 of 1st overtime period - Penalty Shot by Radim Vrbata for Rangers.
5:00 of 1st overtime period - Stopped by Roberto Luongo.
5:00 of 1st overtime period - Penalty Shot by Alexandre Burrows for RedWings.
5:00 of 1st overtime period - Shot Misses the Net.
5:00 of 1st overtime period - Penalty Shot by David Perron for Rangers.
5:00 of 1st overtime period - Stopped by Roberto Luongo.
5:00 of 1st overtime period - Penalty Shot by Ray Whitney for RedWings.
5:00 of 1st overtime period - Shot Misses the Net.
5:00 of 1st overtime period - Penalty Shot by Ilya Kovalchuk for Rangers.
5:00 of 1st overtime period - Shot Misses the Net.
5:00 of 1st overtime period - Penalty Shot by Joe Thornton for RedWings.
5:00 of 1st overtime period - Stopped by Tomas Vokoun.
5:00 of 1st overtime period - Penalty Shot by Chris Kunitz for Rangers.
5:00 of 1st overtime period - Stopped by Roberto Luongo.
5:00 of 1st overtime period - Penalty Shot by Sergei Kostitsyn for RedWings.
5:00 of 1st overtime period - Shot Misses the Net.
5:00 of 1st overtime period - Penalty Shot by Tyler Ennis for Rangers.
5:00 of 1st overtime period - Goal by Tyler Ennis.


Output by the SimonT Hockey Simulator (STHS) for Stephane Roy -- Original Page W3C XHTML 1.0 Valid
Hockey Simulator - Hockey Simulation - Hockey Manager